 Dungeon Crawl Stone Soup version 0.19-a0-1468-ge013c26 (webtiles) character file.

53 LORDOFBUTT the Skirmisher (level 3, -3/29 HPs)
             Began as a Mummy Chaos Knight on Sept 7, 2016.
             Slain by an unseen horror (6 damage)
             ... on level 1 of the Dungeon.
             The game lasted 00:02:36 (4823 turns).

LORDOFBUTT the Skirmisher (Mummy Chaos Knight)      Turns: 4823, Time: 00:02:36

Health: -3/29      AC:  5    Str: 17    XL:     3   Next: 62%
Magic:  3/3        EV: 12    Int: 15    God:    Xom [...*..]
Gold:   15         SH:  0    Dex: 18    Spells: 1 memorised, 0 levels left

rFire  x . .     SeeInvis +     a - +0 mace (chaos)
rCold  . . .     Gourm    .     b - +2 leather armour
rNeg   + + +     Faith    .     (no shield)
rPois  ∞         Spirit   .     d - +0 hat of the Lute {rC- Int+4 Dex+6 SInv}
rElec  .         Dismiss  .     (no cloak)
rCorr  .         Reflect  .     (no gloves)
MR     .....     Harm     .     (no boots)
Stlth  ++........               (no amulet)
                                e - +2 ring of strength
                                (no ring)

@: no status effects
A: no food or potions, fire vulnerability, cold resistance 1, negative energy
resistance 3, torment resistance, unbreathing
a: Renounce Religion


You were on level 1 of the Dungeon.
You worshipped Xom.
You were a favourite toy of Xom.
You were not hungry.

You visited 1 branch of the dungeon, and saw 1 of its levels.

You collected 15 gold pieces.

Inventory:

Hand Weapons
 a - a +0 mace of chaos (weapon)
Armour
 b - a +2 leather armour (worn)
 d - the +0 hat of the Lute (worn) {rC- Int+4 Dex+6 SInv}
   (Xom gifted it to you on level 1 of the Dungeon)

   It affects your intelligence (+4).
   It affects your dexterity (+6).
   It makes you vulnerable to cold.
   It lets you see invisible.
Magical Staves
 c - an uncursed staff of energy
Jewellery
 e - a +2 ring of strength (right hand)
Books
 f - Xom's Almanac of Compression
   (Xom gifted it to you on level 1 of the Dungeon)

   Spells                             Type                      Level
   a - Repel Missiles                 Charms/Air                   2
   b - Vampiric Draining              Necromancy                   3
   c - Animate Dead                   Necromancy                   4
   d - Summon Lightning Spire         Summoning/Air                4
   e - Agony                          Necromancy                   5


   Skills:
 + Level 3.4 Fighting
 + Level 2.7 Maces & Flails
 + Level 2.3 Armour
 + Level 1.1 Dodging
 + Level 0.5 Stealth


You couldn't memorise any spells.
You knew the following spells:

 Your Spells              Type           Power        Failure   Level  Hunger
a - Repel Missiles        Chrm/Air       #.....       50%         2    N/A

Dungeon Overview and Level Annotations

Branches:
Dungeon (1/15)

Altars:


Innate Abilities, Weirdness & Mutations

You do not eat or drink.
Your flesh is vulnerable to fire.
You are immune to poison.
Your flesh is cold resistant. (rC+)
You are immune to negative energy. (rN+++)
You are immune to unholy pain and torment.
You can survive without breathing.


Message History

You hit the unseen horror but do no damage.
The unseen horror is lightly wounded.
The unseen horror closely misses you. The kobold hits you with a short sword.
You emit a cloud of colourful smoke!
You closely miss the kobold. The unseen horror hits you!
The kobold closely misses you.
You sock the kobold!
You kill the kobold!
The unseen horror barely misses you.
You hit the unseen horror but do no damage.
The unseen horror is poisoned.
The unseen horror is lightly wounded.
The unseen horror hits you!
* * * LOW HITPOINT WARNING * * *
A shower of butterflies erupts from you!
The unseen horror barely misses your butterfly.
The unseen horror completely misses your butterfly.
The unseen horror closely misses you. The unseen horror hits you.
You die...
Xom giggles madly!

.......####....................
........# #.....................
........###...#.................
.........................####.
............#.............#...
.....b..b...............#
.....bb..................
.#....§§§.............!.#
......§x@.#..)...........
#.#..#####.†.........#...
.....#.................##
.....................#... #.
#...#...................
#.##.#.#...................
#....#.######..............
#.....# ##....((.......
#.###.#######.............


You could see an unseen horror (invisible).

Vanquished Creatures
  A gnoll (D:1)
  An ooze (D:1)
  3 dart slugs (D:1)
  4 goblins (D:1)
  3 hobgoblins (D:1)
  3 jackals (D:1)
  5 kobolds (D:1)
  6 bats (D:1)
  3 giant newts (D:1)
29 creatures vanquished.

Notes
Turn   | Place    | Note
-------+----------+-------------------------------------------
     0 | D:1      | LORDOFBUTT the Mummy Chaos Knight began the quest for the Orb.
     0 | D:1      | Reached XP level 1. HP: 18/18 MP: 1/1
   425 | D:1      | XOM: harmless Chrm miscast
   898 | D:1      | XOM: harmless Divn miscast
  1121 | D:1      | XOM: harmless Divn miscast
  1681 | D:1      | XOM: divination: magic mapping
  1938 | D:1      | XOM: god gift: translucent hat {god gift}
  1944 | D:1      | Got a translucent hat {god gift}
  1950 | D:1      | Identified the +0 hat of the Lute {rC- Int+4 Dex+6 SInv} (Xom gifted it to you on level 1 of the Dungeon)
  1968 | D:1      | Reached XP level 2. HP: 23/24 MP: 2/2
  2568 | D:1      | XOM: cloud trail
  2625 | D:1      | XOM: fog
  2735 | D:1      | XOM: 1-stop teleportation journey
  2740 | D:1      | Reached XP level 3. HP: 29/29 MP: 3/3
  2753 | D:1      | Reached skill level 1 in Dodging
  2830 | D:1      | XOM: god gift: long runed staff {god gift}
  2978 | D:1      | XOM is BORED!
  4234 | D:1      | Identified Xom's Almanac of Compression (Xom gifted it to you on level 1 of the Dungeon)
  4234 | D:1      | XOM: god gift: Xom's Almanac of Compression
  4241 | D:1      | Learned a level 2 spell: Repel Missiles
  4303 | D:1      | XOM: medium Divn miscast
  4538 | D:1      | XOM: mild Air miscast
  4589 | D:1      | XOM is BORED!
  4589 | D:1      | XOM: mild Chrm miscast
  4812 | D:1      | Noticed an unseen horror
  4819 | D:1      | XOM: smoke on damage
  4822 | D:1      | XOM: butterfly on damage
  4823 | D:1      | Slain by an unseen horror

Vault maps used:
D:1:      scummos_arrival_simple_crosswalls

Skill      XL: |  1  2  3 |
---------------+----------+-----
Armour         | 2 |  2.3
Dodging        | 1 |  1.1
Fighting       | |  3.4
Maces & Flails | |  2.7
Stealth        | |  0.5

Action                   || total
-------------------------++-------
Melee: Mace              ||    90
 Stab: Paralysed         ||     1
Armor: Leather armour    ||    47
Dodge: Dodged            ||    78
